 Dungeon Crawl Stone Soup version 0.31-a0-664-g902f515a81 (webtiles) character file.

Game seed: 2891969595069200991

9451 greenreed the Grappler (level 11, 0/151 HPs)
             Began as an Armataur Shapeshifter on Sept 2, 2023.
             Was a High Priest of Makhleb.
             Succumbed to a scorpion's poison
             ... on level 9 of the Dungeon.
             The game lasted 00:25:11 (10270 turns).

greenreed the Grappler (Armataur Shapeshifter)     Turns: 10270, Time: 00:25:12

Health: 0/151      AC:  9    Str: 33    XL:     11   Next: 23%
Magic:  15/15      EV: 10    Int: 11    God:    Makhleb [*****.]
Gold:   701        SH:  0    Dex:  9    Spells: 10/10 levels left

rFire   . . .        g - +0 trident (venom)
rCold   . . .        (no shield)
rNeg    . . .        u - +5 leather armour of Xom's Felicitations {Rampage +Inv Str+3}
rPois   .            (helmet currently unavailable)
rElec   .            (cloak currently unavailable)
rCorr   .            (gloves currently unavailable)
SInv    .            (no barding)
Will    .....        (no amulet) Stlth
                     j - ring of flight
HPRegen 0.45/turn    L - +6 ring of strength
MPRegen 0.14/turn

%: roll
@: berserking, lethally poisoned (0 -> -11), beast-form, flying, very quick
A: beast (slay +3), large, rugged brown scales 3, deformed body, armoured tail,
roll, long tongue, awkward tongue
a: Begin Untransformation, Renounce Religion, Evoke Invisibility, Minor
Destruction, Lesser Servant of Makhleb, Major Destruction, Greater Servant of
Makhleb


You were on level 9 of the Dungeon.
You worshipped Makhleb.
Makhleb was extremely pleased with you.
You were a hulking beast.
You visited 1 branch of the dungeon, and saw 9 of its levels.
You also visited: Bailey.

You collected 701 gold pieces.

Inventory:

Hand Weapons
 g - a +0 trident of venom (weapon)
Armour
 a - a +0 animal skin
 e - a +2 barding of fire resistance
 r - an orb of light
 u - the +5 leather armour of Xom's Felicitations (worn) {Rampage +Inv Str+3}
   (You found it on level 3 of the Dungeon)

   Str+3:     It affects your strength (+3).
   +Inv:      It lets you turn invisible.
   Rampage:   It bestows one free step when moving towards enemies.
 C - a +2 helmet of see invisible
Magical Staves
 q - a staff of death
 M - a staff of conjuration
Jewellery
 j - a ring of flight (left hand)
 J - a +6 ring of intelligence
 L - a +6 ring of strength (right hand)
 R - a +4 ring of protection
Talismans
 c - a beast talisman (active)
 d - a flux talisman
 l - a talisman of death
Wands
 t - a wand of mindburst (3)
 v - a wand of charming (18)
 B - a wand of quicksilver (17)
Scrolls
 h - 7 scrolls of identify {unknown}
 k - 4 scrolls of enchant armour {unknown}
 m - 4 scrolls of blinking {unknown}
 n - 2 scrolls of poison {unknown}
 o - 2 scrolls of vulnerability {unknown}
 p - 2 scrolls of teleportation {unknown}
 s - 3 scrolls of fear {unknown}
 y - 2 scrolls of brand weapon {unknown}
 z - a scroll of immolation {unknown}
 E - 5 scrolls of revelation {unknown}
 I - 2 scrolls of fog {unknown}
 O - a scroll of enchant weapon {unknown}
Potions
 b - a potion of lignification
 f - a potion of ambrosia {unknown}
 i - a potion of magic {unknown}
 w - a potion of brilliance {unknown}
 x - a potion of berserk rage
 A - a potion of enlightenment {unknown}
 D - 3 potions of degeneration {unknown}
 F - 5 potions of mutation {unknown}
 G - 6 potions of haste {unknown}
 H - 3 potions of curing {unknown}
 K - a potion of attraction {unknown}
 N - a potion of experience {unknown}
 P - 2 potions of might {unknown}
 Q - a potion of cancellation {unknown}


   Skills:
 * Level 8.7 Fighting
 + Level 5.3 Dodging
 * Level 9.1 Unarmed Combat
 + Level 6.4 Invocations
 * Level 6.4 Shapeshifting


You had 10 spell levels left.
You didn't know any spells.
Your spell library contained the following spells:

 Spells                   Type           Power      Damage    Failure   Level
 Sting                    Tmut/Pois      0%         1d3       36%         1
 Poisonous Vapours        Pois/Air       0%         N/A       52%         2
 Manifold Assault         Tloc           0%         N/A       98%         4
 Olgreb's Toxic Radiance  Pois           0%         N/A       98%         4
 Dispersal                Tloc           0%         N/A       100%        6
 Disjunction              Tloc           0%         N/A       100%        8


Dungeon Overview and Level Annotations

Branches:
Dungeon (9/15)             Temple (0/1) D:6          Bailey (visited)
   Lair: D:8-11         Orc: D:9-12

Altars:
Cheibriados
Dithmenos
Fedhas
Hepliaklqana
Kikubaaqudgha
Makhleb
Okawaru
Qazlal
Sif Muna
Trog
Uskayaw
Zin

Shops:
D:6 (

Annotations:
D:3 1 runed translucent door, Crazy Yiuf
D:5 2 transporters
D:8 2 transporters, spiderkeys's ghost, novice OpSh
D:9 Amaemon


Innate Abilities, Weirdness & Mutations

You are a hulking beast.
Your limbs bulge with bestial killing power. (Slay +3)
You are completely covered in rugged brown scales. (AC +3, +7% HP)
Armour fits poorly on your strangely shaped body.
You have a long armoured tail.
You roll when moving toward enemies. (Rampage)
Your long tongue fully drains potion bottles. (2x potion effects)
Your tongue gives you trouble enunciating. (1.5x scroll delay)


Message History

You feel yourself moving faster!
You feel mighty!
You slurp down every last drop of the potion of berserk rage!
You feel very sick. The scorpion stings you.
* * * LOW HITPOINT WARNING * * *
You are lethally poisoned!
The scorpion poisons you! The scorpion stings you.
* * * LOW HITPOINT WARNING * * *
The scorpion barely misses you.
Amaemon points at the scorpion and mumbles some strange words.
The scorpion seems to grow toxic.
The scorpion barely misses you.
Reach: g) +0 trident (venom)
Press: ? - help, Dir - move target, f/p - Amaemon
Aim: Amaemon, wielding a -2 demon whip of venom (severely wounded, extremely poisoned, about 45% to evade your +0 trident of venom)
You reach to attack!
You miss Amaemon.
Amaemon is severely wounded.
* * * LOW HITPOINT WARNING * * *
You feel very sick. The scorpion closely misses you. x2
The scorpion stings you but does no damage.
Unknown command.
Unknown command.
Reach: g) +0 trident (venom)
Press: ? - help, Dir - move target, f/p - Amaemon
Aim: Amaemon, wielding a -2 demon whip of venom (severely wounded, extremely poisoned, about 44% to evade your +0 trident of venom)
You reach to attack!
You puncture Amaemon!
Amaemon looks as sick as possible!
Amaemon is almost dead.
* * * LOW HITPOINT WARNING * * *
You feel very sick.
The scorpion disappears in a puff of smoke!
The scorpion stings you.
* * * LOW HITPOINT WARNING * * *
The scorpion stings you but does no damage. x2
Unknown command.
Reach: g) +0 trident (venom)
Press: ? - help, Dir - move target, f/p - Amaemon
Aim: Amaemon, wielding a -2 demon whip of venom (almost dead, extremely poisoned, about 44% to evade your +0 trident of venom)
You reach to attack!
You barely miss Amaemon.
Amaemon is almost dead.
You die...

......≈.......# §§≈§§§≈.......#
§§..≈§≈...... ≈._§≈.≈(...
....≈.≈..# +# ≈≈≈≈≈4≈.# ##.#
....s6≈s# #..# ≈≈≈≈≈≈≈s###.###
......shs.....# .###..s.......#
#..........# #..........# ###
#..........########.# #####
......................
###...######..........########.#
##.......## #..........# #.#
#.........############## #.#


You could see Amaemon (extremely poisoned), an orange demon (curare, poisoned)
and 6 scorpions.

Vanquished Creatures
  An orc warlord (Bailey)
  A two-headed ogre (D:8)
  Pikel (D:4)
  Prince Ribbit (D:6)
  A troll (D:8)
  A polar bear (D:9)
  Grinder (D:3)
  8 yaks (D:9)
  A steam dragon (D:9)
  An acid dragon (D:9)
  3 water moccasins
  2 black bears
  17 orc warriors
  3 sky beasts
  5 ice beasts
  3 ogres
  A centaur (D:9)
  4 lemures
  2 phantoms
  A kobold brigand (D:8)
  4 bullfrogs
  A scorpion (D:6)
  3 wights (D:7)
  9 killer bees
  An iron imp (D:7)
  A jelly (D:4)
  4 orc priests
  A hound (D:6)
  2 gnoll boudas
  Ijyb (D:3)
  4 iguanas
  A sleepcap (D:5)
  12 orc wizards
  A centaur simulacrum (D:9)
  14 gnolls
  8 adders
  A shadow imp (D:6)
  3 white imps
  2 ufetubi
  2 worms
  A dart slug (D:4)
  60 orcs
  7 ball pythons
  A bat (D:1)
  5 endoplasms
  5 giant cockroaches
  29 goblins
  19 hobgoblins
  2 jackals (D:2)
  8 quokkas
  3 frilled lizards (D:2)
  8 kobolds
  7 rats
288 creatures vanquished.

Notes
Turn   | Place    | Note
-------+----------+-------------------------------------------
     0 | D:1      | greenreed the Armataur Shapeshifter began the quest for the
                  | Orb.
     0 | D:1      | Reached XP level 1. HP: 16/16 MP: 1/1
   125 | D:1      | Reached skill level 1 in Fighting
   189 | D:1      | Reached XP level 2. HP: 24/24 MP: 2/2
   344 | D:1      | Reached skill level 3 in Unarmed Combat
   767 | D:2      | Reached XP level 3. HP: 29/29 MP: 3/3
  1329 | D:2      | Found a hazy altar of Hepliaklqana.
  1350 | D:2      | Reached XP level 4. HP: 32/38 MP: 4/4
  1457 | D:3      | Found a burning altar of Makhleb.
  1467 | D:3      | Became a worshipper of Makhleb the Destroyer
  1707 | D:3      | Identified the +5 leather armour of Xom's Felicitations
                  | {Rampage +Inv Str+3}
  1768 | D:3      | Noticed Ijyb
  1792 | D:3      | Killed Ijyb
  1793 | D:3      | Reached XP level 5. HP: 39/44 MP: 5/5
  2042 | D:3      | Noticed Grinder
  2049 | D:3      | Paralysed by Grinder for 5 turns
  2058 | D:3      | Killed Grinder
  2058 | D:3      | Reached * piety under Makhleb
  2059 | D:3      | Reached skill level 4 in Unarmed Combat
  2059 | D:3      | Reached skill level 1 in Invocations
  2059 | D:3      | Reached XP level 6. HP: 37/54 MP: 5/7
  2384 | D:3      | Found a runed translucent door.
  2385 | D:3      | Noticed Crazy Yiuf
  2923 | D:4      | Noticed Pikel
  3193 | D:3      | HP: 1/54 [lemure[Pikel] (5)]
  3402 | D:4      | Killed Pikel
  3403 | D:4      | Reached skill level 5 in Unarmed Combat
  3403 | D:4      | Reached XP level 7. HP: 63/63 MP: 8/8
  3881 | D:5      | Entered Level 5 of the Dungeon
  3942 | D:5      | Found a transporter.
  3949 | D:5      | Reached XP level 8. HP: 71/71 MP: 10/10
  3963 | D:5      | Found a transporter.
  4513 | D:5      | Reached skill level 5 in Fighting
  4538 | D:5      | Reached ** piety under Makhleb
  4643 | D:6      | Reached skill level 6 in Unarmed Combat
  5119 | D:5      | Reached XP level 9. HP: 58/80 MP: 10/12
  5474 | D:6      | Found a staircase to the Ecumenical Temple.
  5564 | D:6      | Found Louruaha's Weapon Shoppe.
  5763 | D:6      | Noticed Prince Ribbit
  5777 | D:6      | Killed Prince Ribbit
  6044 | D:7      | Found a snail-covered altar of Cheibriados.
  6229 | D:7      | Reached skill level 7 in Unarmed Combat
  6282 | D:6      | Reached *** piety under Makhleb
  6283 | D:6      | Reached skill level 5 in Shapeshifting
  6391 | D:7      | Found a flagged portal.
  6409 | Bailey   | Entered a bailey
  6570 | Bailey   | Reached skill level 5 in Invocations
  6715 | Bailey   | Reached XP level 10. HP: 49/92 MP: 13/13
  6942 | Bailey   | Noticed an orc warlord
  6950 | Bailey   | Reached **** piety under Makhleb
  6972 | Bailey   | Killed an orc warlord
  6973 | Bailey   | Reached skill level 8 in Unarmed Combat
  7183 | D:7      | Acquired a +2 barding of fire resistance
  7455 | D:7      | Found a hide-covered altar of Uskayaw.
  7543 | D:7      | Found a shadowy altar of Dithmenos.
  7546 | D:7      | Found an ancient bone altar of Kikubaaqudgha.
  7547 | D:7      | Found a bloodstained altar of Trog.
  7548 | D:7      | Found a blossoming altar of Fedhas.
  7741 | D:7      | Found a runed translucent door.
  8485 | D:8      | Noticed a two-headed ogre
  8625 | D:8      | Killed a two-headed ogre
  8626 | D:8      | Reached skill level 5 in Dodging
  8680 | D:8      | Found a transporter.
  8786 | D:8      | Noticed spiderkeys's ghost (novice OpSh)
  8800 | D:8      | Found a transporter.
  9114 | D:9      | Reached ***** piety under Makhleb
  9172 | D:9      | Reached XP level 11. HP: 89/101 MP: 15/15
  9591 | D:9      | Reached skill level 9 in Unarmed Combat
  9791 | D:9      | Found a stormy altar of Qazlal.
  9931 | D:9      | Found an iron altar of Okawaru.
 10032 | D:9      | Found a shimmering blue altar of Sif Muna.
 10090 | D:9      | Noticed Amaemon
 10235 | D:9      | Found a glowing silver altar of Zin.
 10269 | D:9      | HP: 7/151 [poisoned by a scorpion]
 10269 | D:9      | HP: 3/151 [scorpion[Amaemon] (4)]
 10270 | D:9      | Succumbed to a scorpion's poison

Illustrated notes

Levels and vault maps discovered:
D:1:      minmay_arrival_plants_in_alcoves, layout_loops_cross,
          minmay_heptomino_l4
D:2:      layout_loops_ring, basic_altar
D:3:      kennysheep_the_goblin_king, layout_basic, lemuel_round_altar,
          uniq_crazy_yiuf_cottage, uniq_ijyb, uniq_grinder
D:4:      layout_cave_pools, uniq_pikel
D:5:      gammafunk_wand_slinger, layout_gridville
D:6:      layout_cave_pools, minmay_temple_entry_mini_moons, serial_shops,
          nicolae_shop_advertising_works [nicolae_subvault_shop_adworks],
          minmay_diced_spiral, uniq_prince_ribbit1
D:7:      layout_loops_ring, slow_altar_1, minitemple, enter_bailey_4,
          lightli_church_of_beogh
D:8:      layout_basic, gammafunk_ghost_stat_death, nicolae_fountain_basement
D:9:      layout_roguey, mainiacjoe_overflow_boulevard,
          mainiacjoe_overflow_alcove_4,
          mainiacjoe_overflow_concentric_impassable, tgw_sif,
          mainiacjoe_overflow_24_doors, serial_ice, serial_ice_o, serial_ice_b,
          serial_ice_g, serial_ice_d, serial_ice_e, serial_ice_n,
          hangedman_weighted_door, uniq_amaemon

Skill      XL: |  1  2  3  4  5  6  7  8  9 10 11 |
---------------+----------------------------------+-----
Fighting       | 1 2 3 4 5 7 8 |  8.7
Unarmed Combat | 3 4 5 6 7 8 9 |  9.1
Shapeshifting  | 3 4 5 6 |  6.4
Dodging        | 2 3 4 5 |  5.3
Invocations    | 1 2 3 4 5 6 |  6.4

Action                     |  1- 3 |  4- 6 |  7- 9 | 10-12 || total
---------------------------+-------+-------+-------+-------++-------
  Melee: Unarmed           |    99 |   141 |   353 |   311 ||   904
         Tailslap          |    10 |    19 |    45 |    32 ||   106
         Punch             |     1 |     4 |    17 |    18 ||    40
         Trident           |       |       |       |    20 ||    20
  Evoke: Wand              |       |     7 |       |    11 ||    18
    Use: Potion            |       |     1 |     3 |     4 ||     8
         Scroll            |       |       |       |     1 ||     1
 Armour: Animal skin       |    52 |    40 |       |       ||    92
         Leather armour    |       |    78 |   252 |   247 ||   577
         Skin              |       |       |    18 |    20 ||    38
  Dodge: Dodged            |    43 |    56 |   133 |   147 ||   379

Table legend: (Time is in decaauts)
 A = Elapsed time spent in this place.
 B = Non-inter-level travel time spent in this place.
 C = Inter-level travel time spent in this place.
 D = Time resting spent in this place.
 E = Time spent auto-exploring this place.
 F = Levels seen in this place.
 G = Mean time per level.
                   A        B        C        D        E       F      G
               +--------+--------+--------+--------+--------+-----+--------+
         Total |  10175 |   9494 |    681 |   1256 |   6290 |  10 | 1017.5 |
       Dungeon |   9422 |   8741 |    681 |   1122 |   5906 |   9 | 1046.9 |
        Bailey |    753 |    753 |      0 |    134 |    384 |   1 |  753.0 |
               +--------+--------+--------+--------+--------+-----+--------+

Top non-repeatable levels by time:
     D:3: 1597 daAuts
     D:7: 1373 daAuts
     D:5: 1195 daAuts
     D:9: 1150 daAuts
     D:6: 931 daAuts
     D:8: 906 daAuts
     D:2: 815 daAuts
  Bailey: 753 daAuts
     D:4: 750 daAuts
     D:1: 702 daAuts
